 Dungeon Crawl Stone Soup version 0.27.1-1-g398f81649c (webtiles) character file.

Game seed: 1223491222485707825

125825 Renzlar the Cruncher (level 16, -1/129 HPs)
             Began as a Gnoll Fighter on Sept 11, 2021.
             Was the Champion of Okawaru.
             Constricted to death by a shambling mangrove (15 damage)
             ... on level 1 of the Swamp.
             The game lasted 01:59:05 (26397 turns).

Renzlar the Cruncher (Gnoll Fighter)               Turns: 26397, Time: 01:59:06

Health: -1/129     AC: 22    Str: 25    XL:     16   Next: 97%
Magic:  31/31      EV:  7    Int: 15    God:    Okawaru [******]
Gold:   4228       SH: 15    Dex:  6    Spells: 19/37 levels left

rFire    + + .     SeeInvis .   b - +3 scimitar (flame)
rCold    . . .     Faith    .   Z - +2 kite shield {rF+}
rNeg     + + .     Spirit   .   u - +1 chain mail of Zigufiat {+Blink rPois Regen+ Str+2}
rPois    +         Reflect  .   R - +1 helmet {Int+3}
rElec    .         Harm     .   Q - +2 cloak of Indemnity {rPois Str+4 Dex-5}
rCorr    +         Rampage  .   z - +0 pair of gloves
Will     +++..                  g - +0 pair of boots of Poetso {rF+}
Stlth    +.........             y - amulet of regeneration
HPRegen  2.31/turn              K - ring of positive energy
MPRegen  0.22/turn              I - ring of Nasups {Drain rPois rN+ Will++ rCorr}

@: grasped by roots, constricted, studying Staves
A: fangs 1, strong nose, distributed training
a: Renounce Religion, Evoke Blink, Heroism, Finesse


You were on level 1 of the Swamp.
You worshipped Okawaru.
Okawaru was exalted by your worship.
You visited 4 branches of the dungeon, and saw 24 of its levels.
You also visited: Ossuary, Gauntlet and Volcano.

You collected 4228 gold pieces.

Inventory:

Hand Weapons
 a - a +0 war axe of venom
 b - a +3 scimitar of flaming (weapon)
 c - the +11 fustibalus "Cufuitix" {flame, rElec rPois Str-4 Dex+2}
   (You took it off a minotaur in a Gauntlet)

   Any ammunition fired from it burns those it strikes, dealing additional fire
   damage.
   Str:       It affects your strength (-4).
   Dex:       It affects your dexterity (+2).
   rElec:     It insulates you from electricity.
   rPois:     It protects you from poison.
 d - the +10 falchion "Senehi" {venom, rC+ Int+2}
   (You found it on level 2 of the Lair of Beasts)

   It poisons the flesh of those it strikes.
   Int:       It affects your intelligence (+2).
   rC:        It protects you from cold.
 e - the +10 hunting sling "Ogreslayer" {flame, rElec rF++ Str+4 Int-4}
   (You found it on level 6 of the Lair of Beasts)

   Any ammunition fired from it burns those it strikes, dealing additional fire
   damage.
   Str:       It affects your strength (+4).
   Int:       It affects your intelligence (-4).
   rF:        It greatly protects you from fire.
   rElec:     It insulates you from electricity.
 x - the +3 rapier of Sin {vamp, rC+ Dex+4}
   (You found it on level 5 of the Lair of Beasts)

   It occasionally heals its wielder for a portion of the damage dealt when it
   wounds a living foe.
   Dex:       It affects your dexterity (+4).
   rC:        It protects you from cold.
Missiles
 j - 605 stones
 p - 239 bolts
 t - 112 sling bullets
 A - 2 curare-tipped darts
 B - 67 poisoned darts (quivered)
Armour
 g - the +0 pair of boots of Poetso (worn) {rF+}
   (You found it on level 13 of the Dungeon)

   rF:        It protects you from fire.
 u - the +1 chain mail of Zigufiat (worn) {+Blink rPois Regen+ Str+2}
   (You found it on level 4 of the Dungeon)

   Str:       It affects your strength (+2).
   rPois:     It protects you from poison.
   +Blink:    It lets you blink.
   Regen:     It increases your rate of health regeneration.
 w - the +5 leather armour of Heulyemp {rPois rF+}
   (You found it on level 14 of the Dungeon)

   rF:        It protects you from fire.
   rPois:     It protects you from poison.
 z - a +0 pair of gloves (worn)
 L - the +8 plate armour "Veoczoju" {rElec Stlth+}
   (Okawaru gifted it to you on level 1 of the Lair of Beasts)

   rElec:     It insulates you from electricity.
   Stlth:     It makes you more stealthy.
 Q - the +2 cloak of Indemnity (worn) {rPois Str+4 Dex-5}
   (You found it in a Gauntlet)

   Str:       It affects your strength (+4).
   Dex:       It affects your dexterity (-5).
   rPois:     It protects you from poison.
 R - a +1 helmet of intelligence (worn)
 Z - a +2 kite shield of fire resistance (worn)
Jewellery
 y - an amulet of regeneration (around neck)
 D - a ring of poison resistance
 I - the ring of Nasups (right hand) {Drain rPois rN+ Will++ rCorr}
   (You found it in a Gauntlet)

   [ring of positive energy]

   rPois:     It protects you from poison.
   rN:        It protects you from negative energy.
   rCorr:     It protects you from acid and corrosion.
   Drain:     It drains your maximum health when unequipped.
   Will:      It greatly increases your willpower.
 K - a ring of positive energy (left hand)
Wands
 C - a wand of mindburst (8)
 U - a wand of iceblast (26)
 V - a wand of digging (3)
 X - a wand of acid (17)
 Y - a wand of paralysis (11)
Scrolls
 f - 2 scrolls of magic mapping
 m - 5 scrolls of enchant armour
 n - 8 scrolls of teleportation
 o - a scroll of summoning
 G - a scroll of fog
 H - a scroll of holy word
 J - 13 scrolls of identify
 M - 2 scrolls of silence
 O - a scroll of blinking
 W - 5 scrolls of amnesia
Potions
 h - a potion of berserk rage
 i - 4 potions of flight
 k - 2 potions of mutation
 l - a potion of invisibility
 q - 4 potions of magic
 r - 6 potions of curing
 v - 7 potions of heal wounds
 E - 2 potions of cancellation
 F - 3 potions of might
 P - 3 potions of haste
 S - a potion of resistance
Miscellaneous
 N - a lightning rod (inert)


   Skills:
 + Level 12.6 Fighting
 + Level 11.1 Short Blades
 + Level 11.1 Long Blades
 + Level 11.9 Axes
 + Level 11.1 Maces & Flails
 + Level 11.1 Polearms
 + Level 14.7 Staves
 + Level 11.1 Slings
 + Level 11.1 Bows
 + Level 11.1 Crossbows
 + Level 11.1 Throwing
 + Level 12.6 Armour
 + Level 11.1 Dodging
 + Level 11.1 Stealth
 + Level 12.6 Shields
 + Level 11.1 Unarmed Combat
 + Level 11.1 Spellcasting
 + Level 9.4 Conjurations
 + Level 9.4 Hexes
 + Level 9.4 Summonings
 + Level 9.4 Necromancy
 + Level 9.4 Translocations
 + Level 9.4 Transmutations
 + Level 9.4 Fire Magic
 + Level 9.4 Ice Magic
 + Level 9.4 Air Magic
 + Level 9.4 Earth Magic
 + Level 9.4 Poison Magic
 + Level 12.0 Invocations
 + Level 11.1 Evocations


You had 19 spell levels left.
You knew the following spells:

 Your Spells              Type           Power      Damage    Failure   Level
a - Frozen Ramparts       Ice            72%        1d9       3%          3
b - Summon Lightning Spi  Summ/Air       36%        N/A       11%         4
c - Sticky Flame          Conj/Fire      36%        2d6       11%         4
d - Olgreb's Toxic Radia  Pois           36%        N/A       11%         4
e - Ignite Poison         Fire/Tmut/Pois 36%        N/A       3%          3

Your spell library contained the following spells:

 Spells                   Type           Power      Damage    Failure   Level
 Animate Skeleton         Necr           72%        N/A       1%          1
 Apportation              Tloc           72%        N/A       1%          1
 Corona                   Hex            40%        N/A       1%          1
 Magic Dart               Conj           100%       1d8       1%          1
 Pain                     Necr           100%       1d9       1%          1
 Summon Small Mammal      Summ           100%       N/A       1%          1
 Searing Ray              Conj           72%        3d6       1%          2
 Conjure Flame            Conj/Fire      36%        6-21      3%          3
 Airstrike                Air            18%        N/A       11%         4
 Fulminant Prism          Conj/Hex       18%        3d11      11%         4
 Hailstorm                Conj/Ice       36%        3d9       11%         4
 Ice Form                 Ice/Tmut       36%        N/A       11%         4
 Iskenderun's Mystic Bla  Conj/Tloc      36%        2d9       11%         4
 Summon Ice Beast         Ice/Summ       36%        N/A       11%         4
 Agony                    Necr           36%        N/A       28%         5
 Excruciating Wounds      Necr           18%        N/A       28%         5
 Lee's Rapid Deconstruct  Erth           18%        3d12*     28%         5
 Lightning Bolt           Conj/Air       18%        1d32      28%         5
 Simulacrum               Ice/Necr       18%        N/A       85%         6
 Ozocubu's Refrigeration  Ice            18%        4d8       100%        7
 Ignition                 Fire           18%        3d7       100%        8


Dungeon Overview and Level Annotations

Branches:
Dungeon (15/15)            Temple (0/1) D:7            Lair (6/6) D:10
  Swamp (1/4) Lair:4       Spider (0/4) Lair:2        Slime (0/5) Lair:6
    Orc (2/2) D:11            Elf (0/3) Orc:2        Vaults (0/5) D:13
 Depths (0/5) D:15        Ossuary (visited)         Volcano (visited)
Gauntlet (visited)

Altars:
Ashenzari
Cheibriados
Elyvilon
Fedhas
Gozag
Nemelex Xobeh
Okawaru
Ru
Trog
Wu Jian
Xom
Yredelemnul
Zin
The Shining One
Beogh
Jiyva

Shops:
D:3 :   D:11 [   Orc:2 !*[!

Annotations:
D:3 2 runed translucent doors
Lair:5 3 runed translucent doors, Bolunijamo's ghost, journeyman GnFi
Lair:6 exclusion: obsidian statue


Innate Abilities, Weirdness & Mutations

You have very sharp teeth.
Your uncanny sense of smell can sniff out nearby items.
Your experience applies equally to all skills.


Message History

The stone barely misses the swamp dragon.
You feel sick.
Fire: 606 stones
Press: ? - help, Q - select action, (/) - cycle Shift-Dir - straight line, f/p - swamp dragon
Aim: a swamp dragon (severely wounded, 80% to hit)
You shoot a stone.
The stone hits the swamp dragon but does no damage.
The swamp dragon is severely wounded.
You feel sick. You block the swamp dragon's attack.
The swamp dragon claws you but does no damage.
The swamp dragon tramples you but does no damage.
The +11 fustibalus "Cufuitix" {flame, rElec rPois Str-4 Dex+2} stops flaming.
Your +3 scimitar of flaming bursts into flame!
b - a +3 scimitar of flaming (weapon)
A shambling mangrove comes into view.
You block the swamp dragon's attack.
The swamp dragon claws you but does no damage.
The swamp dragon misses you.
Your chain mail of Zigufiat prevents you from hitting the swamp dragon.
The swamp dragon is severely wounded.
You feel sick.
Roots burst forth from the earth!
The grasping roots grab you! The grasping roots constrict you!
* * * LOW HITPOINT WARNING * * *
The swamp dragon breathes poison at you.
The blast of poison engulfs you but does no damage.
You resist.
You hear a shout!
Unknown command.
You slash the swamp dragon! You burn the swamp dragon.
The swamp dragon is almost dead.
You feel sick.
Unknown command.
You slash the swamp dragon! You burn the swamp dragon.
You kill the swamp dragon!
Okawaru accepts your kill.
You feel sick.
You are no longer poisoned.
The grasping roots constrict you!
You die...

...(>(.≈≈≈(
♣≈♣.(.≈..≈≈ ♣♣
♣≈.§.≈≈≈≈≈≈
♣♣≈♣♣(..≈≈≈..≈.
∆ ♣......≈≈≈≈f.
♣..≈≈.○≈≈(.♣♣ ∆
....≈.°☼☼.≈≈♣
.....≈(@☼.≈♣♣
≈≈.♣♣.○☼.♣§.♣♣
♣♣≈†○†.§≈.≈♣
♣≈.<.(≈......
♣♣..≈≈§≈.≈(.≈
♣♣.(≈≈≈≈..§♣
♣(≈........
(..####..##
≈..## .?#


You could see a shambling mangrove.

Vanquished Creatures
  Donald (Orc:1)
  Aizul (Swamp:1)
  Nessos (D:15)
  3 dire elephants (Lair:6)
  A minotaur (Gauntlet)
  A fire dragon (Volcano)
  6 boulder beetles
  11 hydras
  An ice dragon (D:14)
  6 centaur warriors
  A ghost crab (Swamp:1)
  An ogre mage (D:12)
  Erica (D:8)
  A catoblepas (D:13)
  4 two-headed ogres
  6 death yaks
  A spectral dire elephant (Lair:6)
  3 orc high priests (Orc:2)
  2 skeletal warriors (D:15)
  A spectral anaconda (Lair:6)
  2 phantasmal warriors
  A swamp dragon (Swamp:1)
  A lindwurm (Lair:5)
  7 orc knights
  A bog body (Swamp:1)
  5 necromancers
  4 orc sorcerers (Orc:2)
  2 wolf spiders (Lair:2)
  A faun (shapeshifter) (D:12)
  4 oklob plants (Lair:5)
  3 manticores
  5 deep elf pyromancers
  12 ugly things
  6 cyclopes
  2 fire giant zombies (D:15)
  3 salamanders (Volcano)
  A smoke demon (Gauntlet)
  11 elephants (Lair:6)
  6 black mambas
  A torpor snail (Lair:6)
  Psyche (D:10)
  An unseen horror (D:11)
  2 dire elephant skeletons (Lair:6)
  3 rime drakes
  4 kobold demonologists (D:11)
  17 cane toads
  An efreet (D:15)
  13 komodo dragons
  A freezing wraith (D:12)
  A red devil (Gauntlet)
  A jumping spider (Lair:2)
  7 trolls
  Prince Ribbit (Lair:1)
  A polar bear (Lair:4)
  A tyrant leech (Lair:4)
  3 meliai (Lair:5)
  3 hornets
  A queen bee (Lair:5)
  A raiju (Gauntlet)
  9 slime creatures
  2 spectral elephants (Lair:6)
  28 blink frogs
  A spriggan zombie (D:15)
  An ettin zombie (D:15)
  2 centaur simulacra (Gauntlet)
  2 redbacks (Lair:2)
  3 vampires
  8 wyverns
  A wraith (D:12)
  A water elemental (D:11)
  7 basilisks
  7 fire bats (Volcano)
  6 steam dragons
  47 yaks
  A human (shapeshifter) (D:13)
  A death yak simulacrum (Lair:6)
  2 wargs (D:11)
  2 spectral cane toads (Lair:6)
  A swamp worm (Lair:4)
  5 acid dragons
  17 water moccasins
  2 black bears
  22 orc warriors
  A sky beast (shapeshifter) (D:13)
  A sky beast (D:7)
  An ice dragon simulacrum (Gauntlet)
  A necrophage (D:7)
  10 ogres
  A boggart (D:12)
  15 centaurs
  14 wolves
  2 phantoms
  3 elf zombies (Ossuary)
  3 kobold brigands
  A gnoll sergeant (Orc:2)
  12 bullfrogs
  A scorpion (D:7)
  4 cane toad simulacra (Lair:6)
  A wyvern skeleton (D:7)
  2 water moccasin skeletons
  27 killer bees
  An elephant simulacrum (Lair:6)
  A wight (D:9)
  7 howler monkeys
  2 electric eels
  2 lava snakes (Lair:1)
  3 crimson imps (Gauntlet)
  2 bullfrog zombies
  8 centaur zombies
  3 jellies
  2 hounds
  20 orc priests
  3 iguanas
  Jessica (D:3)
  Natasha (thrice) (D:3)
  20 orc wizards
  A hound skeleton (D:4)
  2 mummies (Ossuary)
  A howler monkey zombie (D:9)
  Robin (D:3)
  6 adders
  8 gnolls
  A howler monkey skeleton (D:4)
  An ufetubus (D:4)
  2 adder skeletons (D:4)
  An adder zombie (Ossuary)
  2 worms (D:3)
  51 orcs
  6 endoplasms
  A giant cockroach (D:1)
  12 goblins
  8 hobgoblins
  2 jackals (D:4)
  13 kobolds
  7 quokkas
  10 ball pythons
  4 bats (D:3)
  A goblin zombie (Ossuary)
  8 hobgoblin zombies (Ossuary)
  A jackal zombie (Ossuary)
  12 kobold zombies (Ossuary)
  5 orc zombies (Ossuary)
  4 rats
721 creatures vanquished.

Vanquished Creatures (collateral kills)
  A centaur (D:12)
1 creature vanquished.

Vanquished Creatures (others)
  An orc warrior (Orc:2)
  An orc wizard (Orc:2)
  38 fungi
  65 plants
  37 withered plants
142 creatures vanquished.

Grand Total: 864 creatures vanquished

Notes
Turn   | Place    | Note
-------+----------+-------------------------------------------
     0 | D:1      | Renzlar the Gnoll Fighter began the quest for the Orb.
     0 | D:1      | Reached XP level 1. HP: 23/23 MP: 1/1
   699 | D:1      | You fall into a shaft and drop 1 floor!
   713 | D:2      | Reached XP level 2. HP: 29/29 MP: 2/2
   749 | D:2      | Noticed a phantom
   765 | D:2      | Killed a phantom
   766 | D:2      | Reached skill level 1 in Short Blades
   766 | D:2      | Reached skill level 1 in Long Blades
   766 | D:2      | Reached skill level 1 in Maces & Flails
   766 | D:2      | Reached skill level 1 in Polearms
   766 | D:2      | Reached skill level 1 in Staves
   766 | D:2      | Reached skill level 1 in Slings
   766 | D:2      | Reached skill level 1 in Bows
   766 | D:2      | Reached skill level 1 in Crossbows
   766 | D:2      | Reached skill level 1 in Throwing
   766 | D:2      | Reached skill level 1 in Dodging
   766 | D:2      | Reached skill level 1 in Stealth
   766 | D:2      | Reached skill level 1 in Unarmed Combat
   766 | D:2      | Reached skill level 1 in Spellcasting
   766 | D:2      | Reached skill level 1 in Invocations
   766 | D:2      | Reached skill level 1 in Evocations
   766 | D:2      | Reached XP level 3. HP: 11/35 MP: 2/4
   766 | D:2      | Reached XP level 4. HP: 13/41 MP: 2/5
   767 | D:1      | Found a faded altar of an unknown god.
  1420 | D:2      | Reached skill level 1 in Conjurations
  1420 | D:2      | Reached skill level 1 in Hexes
  1420 | D:2      | Reached skill level 1 in Summonings
  1420 | D:2      | Reached skill level 1 in Necromancy
  1420 | D:2      | Reached skill level 1 in Translocations
  1420 | D:2      | Reached skill level 1 in Transmutations
  1420 | D:2      | Reached skill level 1 in Fire Magic
  1420 | D:2      | Reached skill level 1 in Ice Magic
  1420 | D:2      | Reached skill level 1 in Air Magic
  1420 | D:2      | Reached skill level 1 in Earth Magic
  1420 | D:2      | Reached skill level 1 in Poison Magic
  1806 | D:3      | Found a large runed translucent door.
  1807 | D:3      | Found a large runed translucent door.
  1816 | D:3      | Noticed Robin
  1829 | D:3      | Killed Robin
  1830 | D:3      | Reached XP level 5. HP: 43/47 MP: 5/7
  1911 | D:3      | Found a shimmering altar of Xom.
  1913 | D:3      | Noticed Natasha
  1917 | D:3      | Killed Natasha
  2166 | D:3      | Found a shimmering altar of Xom.
  2199 | D:3      | Noticed Natasha
  2199 | D:3      | Noticed Jessica
  2201 | D:3      | Killed Jessica
  2202 | D:3      | Reached XP level 6. HP: 53/53 MP: 8/8
  2216 | D:3      | Killed Natasha
  2298 | D:3      | Reached skill level 5 in Axes
  2585 | D:3      | Reached skill level 2 in Staves
  2729 | D:3      | Found Otseur's Book Shoppe.
  2967 | D:3      | Noticed Natasha
  2976 | D:3      | Killed Natasha
  3613 | D:4      | Reached XP level 7. HP: 56/59 MP: 10/10
  4179 | D:4      | Identified the +1 chain mail of Zigufiat {+Blink rPois
                  | Regen+ Str+2}
  4286 | D:5      | Entered Level 5 of the Dungeon
  4538 | D:5      | Found a sparkling altar of Nemelex Xobeh.
  4653 | D:5      | Found a sacrificial altar of Ru.
  4943 | D:5      | Found an opulent altar of Gozag.
  4945 | D:5      | Found a glowing golden altar of the Shining One.
  4945 | D:5      | Found an iron altar of Okawaru.
  4946 | D:5      | Found a snail-covered altar of Cheibriados.
  4946 | D:5      | Found a basalt altar of Yredelemnul.
  4946 | D:5      | Found an ornate altar of the Wu Jian Council.
  4954 | D:5      | Became a worshipper of Warmaster Okawaru
  5105 | D:5      | Reached XP level 8. HP: 67/67 MP: 12/12
  5415 | D:6      | Found a broken altar of Ashenzari.
  5563 | D:6      | Reached skill level 3 in Staves
  6393 | D:7      | Found a staircase to the Ecumenical Temple.
  6484 | D:7      | Reached * piety under Okawaru
  6485 | D:7      | Reached skill level 4 in Staves
  6618 | D:7      | Reached XP level 9. HP: 72/72 MP: 14/14
  6653 | D:7      | Noticed a hornet
  6664 | D:7      | Killed a hornet
  6670 | D:7      | Reached ** piety under Okawaru
  6674 | D:7      | Reached skill level 5 in Staves
  6675 | D:7      | Noticed a komodo dragon
  6683 | D:7      | Killed a komodo dragon
  6695 | D:7      | Noticed a boulder beetle
  6697 | D:7      | Noticed a boulder beetle
  6936 | D:7      | Reached skill level 5 in Invocations
  7097 | D:7      | Killed a boulder beetle
  7097 | D:7      | Reached *** piety under Okawaru
  7098 | D:7      | Reached skill level 6 in Staves
  7098 | D:7      | Reached XP level 10. HP: 43/80 MP: 15/17
  7361 | D:7      | Reached skill level 5 in Short Blades
  7361 | D:7      | Reached skill level 5 in Long Blades
  7361 | D:7      | Reached skill level 5 in Maces & Flails
  7361 | D:7      | Reached skill level 5 in Polearms
  7361 | D:7      | Reached skill level 5 in Slings
  7361 | D:7      | Reached skill level 5 in Bows
  7361 | D:7      | Reached skill level 5 in Crossbows
  7361 | D:7      | Reached skill level 5 in Throwing
  7361 | D:7      | Reached skill level 5 in Dodging
  7361 | D:7      | Reached skill level 5 in Stealth
  7361 | D:7      | Reached skill level 5 in Unarmed Combat
  7361 | D:7      | Reached skill level 5 in Spellcasting
  7361 | D:7      | Reached skill level 5 in Evocations
  7449 | D:7      | Identified a scroll of acquirement
  7449 | D:7      | Acquired 552 gold pieces
  7559 | D:8      | Noticed Erica
  7568 | D:8      | Killed Erica
  7568 | D:8      | Received a gift from Okawaru
  7582 | D:8      | Found a sand-covered staircase.
  7588 | Ossuary  | Entered an ossuary
  7664 | Ossuary  | Reached **** piety under Okawaru
  7679 | Ossuary  | Reached skill level 7 in Staves
  8406 | D:9      | Noticed a deep elf pyromancer
  8415 | D:9      | Killed a deep elf pyromancer
  8457 | D:9      | Reached ***** piety under Okawaru
  8515 | D:9      | Found a blossoming altar of Fedhas.
  8646 | D:9      | Reached XP level 11. HP: 87/87 MP: 19/19
  8663 | D:9      | Reached skill level 8 in Staves
  8733 | D:9      | Reached skill level 5 in Conjurations
  8733 | D:9      | Reached skill level 5 in Hexes
  8733 | D:9      | Reached skill level 5 in Summonings
  8733 | D:9      | Reached skill level 5 in Necromancy
  8733 | D:9      | Reached skill level 5 in Translocations
  8733 | D:9      | Reached skill level 5 in Transmutations
  8733 | D:9      | Reached skill level 5 in Fire Magic
  8733 | D:9      | Reached skill level 5 in Ice Magic
  8733 | D:9      | Reached skill level 5 in Air Magic
  8733 | D:9      | Reached skill level 5 in Earth Magic
  8733 | D:9      | Reached skill level 5 in Poison Magic
  8734 | D:9      | Noticed a two-headed ogre
  8742 | D:9      | Killed a two-headed ogre
  8877 | D:9      | Noticed a cyan ugly thing
  8892 | D:9      | Killed a cyan ugly thing
  8892 | D:9      | Received a gift from Okawaru
  9430 | D:10     | Entered Level 10 of the Dungeon
  9440 | D:10     | Found a staircase to the Lair.
  9567 | D:10     | Received a gift from Okawaru
  9675 | D:10     | Noticed Psyche
  9693 | D:10     | Killed Psyche
  9881 | D:10     | Noticed a deep elf pyromancer
  9926 | D:10     | Killed a deep elf pyromancer
  9927 | D:10     | Reached skill level 9 in Staves
  9942 | D:10     | Learned a level 3 spell: Frozen Ramparts
 10257 | D:10     | Found a glowing silver altar of Zin.
 10350 | Lair:1   | Entered Level 1 of the Lair of Beasts
 10350 | Lair:1   | Noticed Prince Ribbit
 10380 | Lair:1   | Killed Prince Ribbit
 10406 | Lair:1   | Reached ****** piety under Okawaru
 10406 | Lair:1   | Identified the +8 plate armour "Veoczoju" {rElec Stlth+}
                  | (Okawaru gifted it to you on level 1 of the Lair of Beasts)
 10406 | Lair:1   | Received a gift from Okawaru
 10701 | Lair:1   | Reached XP level 12. HP: 96/96 MP: 22/22
 11119 | Lair:1   | Reached skill level 10 in Fighting
 11119 | Lair:1   | Reached skill level 10 in Staves
 11119 | Lair:1   | Reached skill level 10 in Armour
 11119 | Lair:1   | Reached skill level 10 in Shields
 11119 | Lair:1   | Reached XP level 13. HP: 103/103 MP: 22/24
 11185 | Lair:2   | Identified the +10 falchion "Senehi" {venom, rC+ Int+2}
 11199 | Lair:2   | Found a gate leading to a gauntlet.
 11208 | Gauntlet | Entered a Gauntlet
 11208 | Gauntlet | Found a transporter.
 11208 | Gauntlet | Found a transporter.
 11208 | Gauntlet | Found a transporter.
 11209 | Gauntlet | Found a transporter.
 11210 | Gauntlet | Found a transporter.
 11213 | Gauntlet | Found a transporter.
 11219 | Gauntlet | Found a transporter.
 11222 | Gauntlet | Found a transporter.
 11224 | Gauntlet | Found a transporter.
 11225 | Gauntlet | Found a transporter.
 11233 | Gauntlet | Found a transporter.
 11233 | Gauntlet | Found a transporter.
 11243 | Gauntlet | Noticed an ice dragon
 11243 | Gauntlet | a satyr changed into an ice dragon
 11244 | Gauntlet | an ice dragon changed into a goliath frog
 11245 | Gauntlet | Noticed a great orb of eyes
 11245 | Gauntlet | a goliath frog changed into a great orb of eyes
 11258 | Gauntlet | Found a runed translucent door.
 11350 | Gauntlet | Noticed an ice dragon
 11350 | Gauntlet | a seven-headed hydra changed into an ice dragon
 11353 | Gauntlet | an ice dragon changed into something unseen
 11363 | Gauntlet | Noticed an ettin
 11363 | Gauntlet | an eight-headed hydra changed into an ettin
 11367 | Gauntlet | an ettin changed into a merfolk
 11624 | Gauntlet | Identified the +2 cloak of Indemnity {rPois Str+4 Dex-5}
 11667 | Gauntlet | Identified the ring of Nasups {Drain rPois rN+ Will++
                  | rCorr}
 11683 | Gauntlet | Noticed a dire elephant
 11683 | Gauntlet | Noticed a sphinx
 11683 | Gauntlet | a dire elephant changed into a sphinx
 11751 | Gauntlet | Identified the +11 fustibalus "Cufuitix" {flame, rElec
                  | rPois Str-4 Dex+2}
 11751 | Gauntlet | Noticed a minotaur
 11774 | Gauntlet | Killed a minotaur
 11786 | Gauntlet | Found the +3 giant club "Skullcrusher" {speed, Str+7}
 11963 | Lair:2   | Found a hole to the Spider Nest.
 12468 | Lair:2   | Reached skill level 11 in Staves
 13146 | Lair:3   | Identified the +7 falchion "Plog" {speed, Will+ Int+5}
                  | (Okawaru gifted it to you on level 3 of the Lair of Beasts)
 13146 | Lair:3   | Received a gift from Okawaru
 13958 | Lair:4   | Reached XP level 14. HP: 111/111 MP: 26/26
 14203 | Lair:4   | Received a gift from Okawaru
 14448 | Lair:4   | Found a staircase to the Swamp.
 14559 | Lair:4   | Identified the +1 scale mail of Omission {Str+2} (Okawaru
                  | gifted it to you on level 4 of the Lair of Beasts)
 14559 | Lair:4   | Received a gift from Okawaru
 14650 | Lair:5   | Reached skill level 10 in Axes
 14745 | Lair:5   | Reached skill level 12 in Staves
 14854 | Lair:5   | Identified the +3 rapier of Sin {vamp, rC+ Dex+4}
 15106 | Lair:5   | Found a runed translucent gate.
 15106 | Lair:5   | Found a runed translucent gate.
 15106 | Lair:5   | Found a runed translucent gate.
 15109 | Lair:5   | Noticed Bolunijamo's ghost (journeyman GnFi)
 15521 | Lair:5   | Reached skill level 10 in Invocations
 15590 | Lair:5   | Learned a level 4 spell: Summon Lightning Spire
 15595 | Lair:5   | Learned a level 4 spell: Sticky Flame
 15852 | Lair:6   | Entered Level 6 of the Lair of Beasts
 16055 | Lair:6   | Found a staircase to the Slime Pits.
 16056 | Lair:6   | Found a viscous altar of Jiyva.
 16382 | Lair:6   | Received a gift from Okawaru
 16395 | Lair:6   | Learned a level 4 spell: Olgreb's Toxic Radiance
 16410 | Lair:6   | Learned a level 3 spell: Ignite Poison
 16478 | Lair:6   | Reached XP level 15. HP: 119/119 MP: 28/28
 16695 | Lair:6   | Received a gift from Okawaru
 17272 | Lair:6   | Reached skill level 13 in Staves
 17278 | Lair:6   | Received a gift from Okawaru
 17512 | Lair:6   | Received a gift from Okawaru
 17709 | Lair:6   | Identified the +10 hunting sling "Ogreslayer" {flame, rElec
                  | rF++ Str+4 Int-4}
 18392 | D:11     | Received a gift from Okawaru
 18446 | D:11     | Found a white marble altar of Elyvilon.
 18457 | D:11     | Reached skill level 10 in Short Blades
 18457 | D:11     | Reached skill level 10 in Long Blades
 18457 | D:11     | Reached skill level 10 in Maces & Flails
 18457 | D:11     | Reached skill level 10 in Polearms
 18457 | D:11     | Reached skill level 10 in Slings
 18457 | D:11     | Reached skill level 10 in Bows
 18457 | D:11     | Reached skill level 10 in Crossbows
 18457 | D:11     | Reached skill level 10 in Throwing
 18457 | D:11     | Reached skill level 10 in Dodging
 18457 | D:11     | Reached skill level 10 in Stealth
 18457 | D:11     | Reached skill level 10 in Unarmed Combat
 18457 | D:11     | Reached skill level 10 in Spellcasting
 18457 | D:11     | Reached skill level 10 in Evocations
 18583 | D:11     | Found Hawk's Antique Armour Emporium.
 18766 | D:11     | Found a staircase to the Orcish Mines.
 19163 | Orc:1    | Entered Level 1 of the Orcish Mines
 19642 | Orc:1    | Found a bloodstained altar of Trog.
 19862 | Orc:2    | Entered Level 2 of the Orcish Mines
 19862 | Orc:2    | Noticed Donald
 19880 | Orc:1    | Killed Donald
 19982 | Orc:2    | Found a dark tunnel.
 19987 | Volcano  | Entered a volcano
 20931 | Orc:2    | Found a staircase to the Elven Halls.
 21321 | Orc:2    | Received a gift from Okawaru
 21332 | Orc:2    | Reached XP level 16. HP: 127/127 MP: 12/30
 21798 | Orc:2    | Found Kifo's Distillery.
 21798 | Orc:2    | Found Goycit's Armour Emporium.
 21800 | Orc:2    | Found Kaziut's Assorted Antiques.
 21800 | Orc:2    | Found Elioqetz's Distillery.
 22110 | D:11     | Reached skill level 14 in Staves
 22332 | D:12     | Found a runed translucent door.
 23121 | D:13     | Found a gate to the Vaults.
 23153 | D:13     | Acquired 1219 gold pieces
 23246 | D:13     | Identified the +0 pair of boots of Poetso {rF+}
 23891 | D:14     | Received a gift from Okawaru
 23924 | D:14     | Found a frozen archway.
 24105 | D:14     | Received a gift from Okawaru
 24502 | D:14     | Identified the +5 leather armour of Heulyemp {rPois rF+}
 24875 | D:15     | Entered Level 15 of the Dungeon
 25036 | D:15     | Found a staircase to the Depths.
 25050 | D:15     | Noticed Nessos
 25064 | D:15     | Killed Nessos
 25546 | D:15     | Identified the +0 robe of the Shrike {MP+9 Str+3 Dex+4}
 26332 | Swamp:1  | Entered Level 1 of the Swamp
 26354 | Swamp:1  | Noticed Aizul
 26388 | Swamp:1  | Killed Aizul
 26397 | Swamp:1  | Constricted to death by a shambling mangrove

Illustrated notes

Levels and vault maps discovered:
D:1:      dpeg_arrival_refuge, layout_basic, ebering_ecumenical_altar_mist
D:2:      layout_rooms
D:3:      due_chaos_kobolds, layout_basic, mainiacjoe_overflow_small_starburst,
          serial_shops, nicolae_shop_crystal, uniq_natasha, uniq_robin,
          uniq_jessica
D:4:      minmay_diamond_boxcup, layout_basic, minmay_misc_feat_secret_circle,
          kennysheep_minor_cross, minmay_door_square, kennysheep_another_room,
          dk_vineyard_3
D:5:      layout_basic, hangedman_ru_absence, kennysheep_mini,
          grunt_temple_overflow_open, st_stairs_6
D:6:      layout_basic, lemuel_round_altar, nrook_mini_vaults
D:7:      nzn_winding_woodlands_three_and_one [nzn_winding_woodlands_5x15_eye,
          nzn_winding_woodlands_5x15_pathside_ponds,
          nzn_winding_woodlands_5x15_cabin,
          nzn_winding_woodlands_center_triple_pond], layout_loops_corners,
          minmay_temple_entry_statues_fountains
D:8:      layout_gridville, tgw_sif, nicolae_ossuary_entry_plus, uniq_erica
D:9:      layout_long_grid, mainiacjoe_overflow_tiny_flanked,
          hangedman_decor_points, minmay_alternating_orb
D:10:     layout_loops_ring, zin_scriptorium, david_lair_generic,
          nrook_campfire, uniq_psyche
D:11:     layout_loops_ring, minmay_orc_entry_temple_small, serial_shops,
          shop_fountains, elyvilon_altar_5
D:12:     layout_cave_pools, kennysheep_decorative_pillar, lightli_airlock
D:13:     layout_irregular_city, david_vaults_4
D:14:     layout_basic, minmay_misc_feat_enclosed, portal_ice_cave_entry_dragon
D:15:     gammafunk_depths_entry_grave, layout_loops_corners, uniq_nessos
Lair:1:   layout_gridlike, grunt_megastairs_2, infiniplex_staircase_pool,
          uniq_prince_ribbit2
Lair:2:   layout_regular_city, spider_nest_entry_funnel_web,
          gauntlet_entry_generic, minivault_11, serial_bayou_shore_a,
          grunt_megastairs_4, lemuel_fruit_fields, infiniplex_staircase_pool_2
Lair:3:   layout_chaotic_city, lemuel_fruit_tree
Lair:4:   layout_loops_ring, minmay_swamp_entry_worms, grunt_megastairs_1,
          lemuel_fruit_fields
Lair:5:   layout_roguey [special_room_bee], gammafunk_ghost_necromancy,
          minmay_lair_oklob_chamber
Lair:6:   due_jungle_book, layout_regular_city, slime_altar_1
Swamp:1:  layout_basic_swamp, ebering_ghost_inner_flame,
          hangedman_swamp_ruin_hall, uniq_aizul
Orc:1:    layout_diamond_mine, basic_altar
Orc:2:    st_orc_elflike, layout_caves, enter_volcano_4, sword_in_stone,
          uniq_donald

Skill      XL: |  1  2  3  4  5  6  7  8  9 10 11 12 13 14 15 16 |
---------------+-------------------------------------------------+-----
Short Blades   | 1 2 3 4 5 6 7 8 9 10 11 | 11.1
Long Blades    | 1 2 3 4 5 6 7 8 9 10 11 | 11.1
Maces & Flails | 1 2 3 4 5 6 7 8 9 10 11 | 11.1
Polearms       | 1 2 3 4 5 6 7 8 9 10 11 | 11.1
Staves         | 1 2 4 6 7 9 10 11 12 13 14 | 14.7
Slings         | 1 2 3 4 5 6 7 8 9 10 11 | 11.1
Bows           | 1 2 3 4 5 6 7 8 9 10 11 | 11.1
Crossbows      | 1 2 3 4 5 6 7 8 9 10 11 | 11.1
Throwing       | 1 2 3 4 5 6 7 8 9 10 11 | 11.1
Dodging        | 1 2 3 4 5 6 7 8 9 10 11 | 11.1
Stealth        | 1 2 3 4 5 6 7 8 9 10 11 | 11.1
Unarmed Combat | 1 2 3 4 5 6 7 8 9 10 11 | 11.1
Spellcasting   | 1 2 3 4 5 6 7 8 9 10 11 | 11.1
Invocations    | 1 2 3 4 5 6 7 8 9 10 11 12 | 12.0
Evocations     | 1 2 3 4 5 6 7 8 9 10 11 | 11.1
Conjurations   | 1 2 3 4 5 6 7 8 9 |  9.4
Hexes          | 1 2 3 4 5 6 7 8 9 |  9.4
Summonings     | 1 2 3 4 5 6 7 8 9 |  9.4
Necromancy     | 1 2 3 4 5 6 7 8 9 |  9.4
Translocations | 1 2 3 4 5 6 7 8 9 |  9.4
Transmutations | 1 2 3 4 5 6 7 8 9 |  9.4
Fire Magic     | 1 2 3 4 5 6 7 8 9 |  9.4
Ice Magic      | 1 2 3 4 5 6 7 8 9 |  9.4
Air Magic      | 1 2 3 4 5 6 7 8 9 |  9.4
Earth Magic    | 1 2 3 4 5 6 7 8 9 |  9.4
Poison Magic   | 1 2 3 4 5 6 7 8 9 |  9.4
Axes           | 5 6 7 8 9 10 11 | 11.9
Fighting       | 7 8 9 10 11 12 | 12.6
Armour         | 7 8 9 10 11 12 | 12.6
Shields        | 7 8 9 10 11 12 | 12.6

Action                   |  1- 3 |  4- 6 |  7- 9 | 10-12 | 13-15 | 16-18 || total
-------------------------+-------+-------+-------+-------+-------+-------++-------
Melee: War axe           |    42 |   185 |   287 |   107 |   103 |     6 ||   730
       Bite              |     4 |    12 |    38 |    78 |   121 |    41 ||   294
       Unarmed           |       |     6 |       |       |       |       ||     6
       Scimitar          |       |       |       |   383 |   116 |    79 ||   578
       Falchion          |       |       |       |       |   629 |   232 ||   861
 Fire: Fustibalus        |       |       |       |       |   652 |   318 ||   970
Throw: Stone             |     5 |     5 |    11 |       |       |       ||    21
       Dart              |       |       |    10 |    12 |       |       ||    22
       Javelin           |       |       |       |     3 |       |       ||     3
 Cast: Frozen Ramparts   |       |       |       |       |     8 |     1 ||     9
       Olgreb's Toxic Ra |       |       |       |       |    10 |     2 ||    12
       Ignite Poison     |       |       |       |       |     6 |     1 ||     7
       Sticky Flame      |       |       |       |       |     2 |       ||     2
       Summon Lightning  |       |       |       |       |       |     1 ||     1
Invok: Heroism           |       |       |     1 |     4 |     5 |       ||    10
Evoke: Wand              |       |     1 |     2 |     1 |     2 |       ||     6
       Lightning rod     |       |       |       |       |       |     4 ||     4
  Use: Scroll            |       |     9 |     5 |    12 |    11 |     5 ||    42
       Potion            |       |       |       |     2 |       |       ||     2
Armor: Scale mail        |    20 |    27 |       |       |       |       ||    47
       Chain mail        |       |    51 |   109 |   233 |   439 |   162 ||   994
       Skin              |       |     1 |       |       |       |       ||     1
       Plate armour      |       |       |       |    39 |    83 |       ||   122
Dodge: Dodged            |     6 |    47 |    70 |   167 |   329 |    90 ||   709
Block: Kite shield       |    20 |   123 |   185 |   367 |   701 |   286 ||  1682
       Rpst.: Scimitar   |       |       |       |    26 |     9 |     3 ||    38
       Falchion          |       |       |       |       |    45 |     5 ||    50
